 Dungeon Crawl Stone Soup version 0.28.0-53-g5a82cb258f (webtiles) character file.

Game seed: 17845915254287698280

10899 MiltankisOP the Transmogrifier (level 11, -17/89 HPs)
             Began as a Red Draconian Transmuter on June 17, 2022.
             Was an Initiate of Gozag.
             Demolished by a two-headed ogre
             ... wielding a +0 giant club
              (26 damage)
             ... on level 10 of the Dungeon.
             The game lasted 00:39:03 (13786 turns).

MiltankisOP the Transmogrifier (DrTm)              Turns: 13786, Time: 00:39:05

Health: -17/89     AC:  6    Str: 12    XL:     11   Next: 42%
Magic:  13/14      EV: 27    Int: 18    God:    Gozag
Gold:   1807       SH:  0    Dex: 17    Spells: 8/14 levels left

rFire   . . .      SeeInvis .     - Unarmed
rCold   . . .      Faith    .   (shield currently unavailable)
rNeg    . . .      Spirit   .   (armour unavailable)
rPois   x          Reflect  .   (helmet currently unavailable)
rElec   .          Harm     .   (cloak currently unavailable)
rCorr   .          Rampage  .   (gloves currently unavailable)
Will    .....                   (boots currently unavailable)
Stlth   ++........              (no amulet)
HPRegen 0.24/turn               c - +4 ring of protection
MPRegen 0.14/turn               B - +4 ring of evasion

@: spider-form, wereblooded
A: venomous fangs, (breathe fire), AC +7, tiny, unfitting armour, (fire
resistance 1), (cold-blooded)
a: End Transformation, Renounce Religion, Potion Petition, Call Merchant, Bribe
Branch


You were on level 10 of the Dungeon.
You worshipped Gozag.
Gozag was most pleased with you.
You were a venomous arachnid creature.
You visited 2 branches of the dungeon, and saw 11 of its levels.

You collected 1897 gold pieces.
You paid 90 gold pieces to Gozag.

Inventory:

Missiles
 G - a throwing net
Armour
 o - a +0 pair of boots (melded)
 t - a +0 pair of gloves (melded)
 w - the +3 buckler "Eniebe" (melded) {rC+ rCorr Dex+4}
   (You found it on level 6 of the Dungeon)

   Dex:       It affects your dexterity (+4).
   rC:        It protects you from cold.
   rCorr:     It protects you from acid and corrosion.
Jewellery
 c - a +4 ring of protection (left front leg)
 n - a ring of see invisible
 B - a +4 ring of evasion (right front leg)
 H - a ring of fire
 K - the ring of Voqogifo {Ice rN+ Will+ Int+2}
   (You found it on level 9 of the Dungeon)

   [ring of ice]

   It enhances your ice magic.
   Int:       It affects your intelligence (+2).
   rF:        It makes you vulnerable to fire.
   rC:        It protects you from cold.
   rN:        It protects you from negative energy.
   Will:      It increases your willpower.
Wands
 s - a wand of polymorph (9)
 v - a wand of charming (2)
 y - a wand of flame (20)
 F - a wand of digging (6)
 I - a wand of mindburst (6)
 L - a wand of iceblast (5)
Scrolls
 a - 3 scrolls of teleportation {unknown}
 b - a scroll of enchant weapon {unknown}
 e - 4 scrolls of enchant armour {unknown}
 h - 2 scrolls of torment {unknown}
 k - 2 scrolls of noise {unknown}
 r - 3 scrolls of magic mapping {unknown}
 x - a scroll of immolation {unknown}
 z - a scroll of identify
 C - a scroll of fear {unknown}
 D - a scroll of vulnerability {unknown}
 E - a scroll of amnesia {unknown}
Potions
 d - a potion of ambrosia
 f - a potion of flight {unknown}
 g - a potion of berserk rage
 i - 2 potions of degeneration {unknown}
 j - 4 potions of curing
 l - 3 potions of lignification
 m - 2 potions of heal wounds
 p - a potion of cancellation
 q - 2 potions of might
 u - a potion of brilliance
 A - 4 potions of attraction
Miscellaneous
 J - a condenser vane


   Skills:
 - Level 6.0 Fighting
 - Level 6.2 Dodging
 - Level 10.0 Unarmed Combat
 - Level 2.0 Spellcasting
 + Level 12.2 Transmutations
 - Level 5.0 Poison Magic


You had 8 spell levels left.
You knew the following spells:

 Your Spells              Type           Power      Damage    Failure   Level
a - Beastly Appendage     Tmut           90%        N/A       1%          1
b - Wereblood             Tmut           45%        N/A       2%          2
c - Spider Form           Tmut/Pois      32%        N/A       7%          3

Your spell library contained the following spells:

 Spells                   Type           Power      Damage    Failure   Level
 Passwall                 Tmut/Erth      19%        N/A       9%          2
 Poisonous Vapours        Pois/Air       20%        N/A       24%         2
 Ice Form                 Ice/Tmut       23%        N/A       32%         4
 Animate Skeleton         Necr           2%         N/A       38%         1
 Apportation              Tloc           2%         N/A       38%         1
 Sandblast                Erth           2%         2d4       38%         1
 Slow                     Hex            4%         N/A       38%         1
 Summon Small Mammal      Summ           4%         N/A       38%         1
 Corpse Rot               Necr/Air       2%         N/A       47%         2
 Static Discharge         Conj/Air       1%         N/A       47%         2
 Confusing Touch          Hex            1%         N/A       69%         3
 Frozen Ramparts          Ice            2%         1d2       69%         3
 Gell's Gravitas          Tloc           1%         N/A       69%         3
 Lesser Beckoning         Tloc           1%         N/A       69%         3
 Stone Arrow              Conj/Erth      2%         3d7       69%         3
 Teleport Other           Tloc           1%         N/A       69%         3
 Vampiric Draining        Necr           1%         2d6       69%         3
 Dispel Undead            Necr           1%         3d6       96%         4
 Sticky Flame             Conj/Fire      1%         2d3       96%         4
 Summon Ice Beast         Ice/Summ       1%         N/A       96%         4


Dungeon Overview and Level Annotations

Branches:
Dungeon (10/15)            Temple (1/1) D:6            Lair (0/6) D:8
    Orc (0/2) D:9

Altars:
Ashenzari
Cheibriados
Dithmenos
Elyvilon
Fedhas
Gozag
Hepliaklqana
Kikubaaqudgha
Makhleb
Nemelex Xobeh
Okawaru
Qazlal
Ru
Sif Muna
Trog
Uskayaw
Vehumet
Wu Jian
Xom
Yredelemnul
Zin
The Shining One

Shops:
D:3 =   D:8 (   D:10 *


Innate Abilities, Weirdness & Mutations

You are a venomous arachnid creature.
You have poisonous fangs.
You are tiny and dextrous.
Your spellcasting is less reliable in this form.
Your armour is entirely melded.
You are incapable of wielding weapons or throwing items.
((You can breathe blasts of fire.))
((Your fiery red scales are hard. (AC +7)))
You cannot fit into any form of body armour.
((Your flesh is heat resistant. (rF+)))
((You are cold-blooded and may be slowed by cold attacks.))


Message History

You turn into a venomous arachnid creature.
Your +0 pair of gloves melds into your body.
Your +0 pair of boots melds into your body.
The +3 buckler "Eniebe" {rC+ rCorr Dex+4} melds into your body.
The two-headed ogre misses you.
The two-headed ogre hits you with a +0 giant club!!
You hit the two-headed ogre.
The two-headed ogre is poisoned.
The two-headed ogre is lightly wounded.
The two-headed ogre hits you with a +0 giant club!
The two-headed ogre hits you with a +0 giant club!!
* * * LOW HITPOINT WARNING * * *
The centaur completely misses you.
The centaur kicks you but does no damage.
The centaur wields a +0 shortbow.
The centaur shoots an arrow.
The arrow misses you.
The centaur shoots an arrow.
The arrow completely misses you.
The centaur shoots an arrow.
The arrow completely misses you.
The centaur shoots an arrow.
The arrow completely misses you.
You feel much better.
You hit the two-headed ogre.
The two-headed ogre is moderately wounded.
The two-headed ogre completely misses you.
The two-headed ogre misses you.
You hit the two-headed ogre but do no damage.
The two-headed ogre looks even sicker.
The two-headed ogre is moderately wounded.
The two-headed ogre completely misses you.
The two-headed ogre closely misses you.
You barely miss the two-headed ogre.
The two-headed ogre is moderately wounded.
A centaur warrior zombie comes into view.
The centaur shoots an arrow.
The arrow hits you!
You bite the two-headed ogre!
The two-headed ogre looks as sick as possible!
The two-headed ogre is heavily wounded.
The two-headed ogre hits you with a +0 giant club!!
* * * LOW HITPOINT WARNING * * *
The two-headed ogre hits you with a +0 giant club!!
You die...
Your body crumbles into a pile of gold.

.#...##....###.##................
.#.#.#..####..##..##..c###...##..
...#...## #####.###.#.# #.#.#
.#.#.#.# #..###...# #c..#
##...#.# #.....###...###....
...#.#.# #.Z.#.#$#.#c .#..
#.##...# #.cZ.Z##Z#.# . .
.....### ##O###..#.#. ## ###.##
#s# ..#.# # # .# #.# # .#. #.#
... ## ....# $ ###... #.### ..#
...


You could see a two-headed ogre (extremely poisoned), a centaur, a centaur
warrior zombie and a howler monkey zombie.

Vanquished Creatures
  A two-headed ogre (D:9)
  Joseph (D:9)
  A gargoyle (D:7)
  A komodo dragon (D:9)
  Maggie (D:9)
  2 trolls
  Prince Ribbit (D:6)
  A hornet (D:8)
  Sigmund (D:3)
  A wyvern (D:7)
  Eustachio (D:5)
  11 yaks
  A steam dragon (D:6)
  Grum (D:8)
  A water moccasin (D:5)
  5 sky beasts
  2 black bears
  An ice beast (D:4)
  3 necrophages
  5 centaurs
  A hornet zombie (D:8)
  5 wolves
  6 ogres
  A phantom (D:6)
  A kobold brigand (D:8)
  2 bullfrogs (D:7)
  A wyvern zombie (D:6)
  5 scorpions
  A wyvern skeleton (D:7)
  20 killer bees
  3 howler monkeys
  9 wights
  6 electric eels
  6 crimson imps (D:7)
  9 hounds
  4 jellies
  A centaur zombie (D:6)
  An orc priest (D:8)
  Crazy Yiuf (D:4)
  Ijyb (D:5)
  A centaur skeleton (D:7)
  9 iguanas
  8 orc wizards
  2 howler monkey zombies
  4 gnolls (D:6)
  6 adders
  A shadow imp (D:8)
  3 white imps (D:7)
  2 adder skeletons (D:4)
  A worm (D:2)
  2 dart slugs
  13 orcs
  5 endoplasms
  4 giant cockroaches
  6 goblins
  6 hobgoblins
  4 jackals (D:4)
  4 quokkas
  3 training dummies (D:8)
  8 ball pythons
  7 bats
  5 frilled lizards
  9 kobolds
  5 rats
244 creatures vanquished.

Vanquished Creatures (others)
  A gnoll shaman (D:6)
  A gnoll (D:6)
  A quokka (D:7)
  3 fungi (D:3)
  11 plants
17 creatures vanquished.

Grand Total: 261 creatures vanquished

Notes
Turn   | Place    | Note
-------+----------+-------------------------------------------
     0 | D:1      | MiltankisOP the Draconian Transmuter began the quest for
                  | the Orb.
     0 | D:1      | Reached XP level 1. HP: 16/16 MP: 3/3
   432 | D:1      | Reached XP level 2. HP: 23/23 MP: 3/5
  1030 | D:2      | Found an opulent altar of Gozag.
  1062 | D:2      | Noticed a necrophage
  1076 | D:2      | Killed a necrophage
  1077 | D:2      | Reached skill level 5 in Unarmed Combat
  1077 | D:2      | Reached XP level 3. HP: 24/28 MP: 4/6
  1077 | D:2      | Reached XP level 4. HP: 30/35 MP: 4/7
  2296 | D:3      | Found Seoco's Jewellery Boutique.
  2304 | D:3      | Reached XP level 5. HP: 37/40 MP: 8/8
  2387 | D:3      | Found a sacrificial altar of Ru.
  2593 | D:3      | Noticed Sigmund
  2629 | D:3      | Killed Sigmund
  2630 | D:3      | Reached XP level 6. HP: 16/47 MP: 7/9
  2881 | D:3      | Found a blossoming altar of Fedhas.
  3093 | D:3      | Found a faded altar of an unknown god.
  3110 | D:3      | Found a radiant altar of Vehumet.
  3202 | D:4      | Found a burning altar of Makhleb.
  3646 | D:4      | Your scales start taking on a fiery red colour.
  3646 | D:4      | Reached XP level 7. HP: 33/52 MP: 10/10
  3646 | D:4      | Gained mutation: Your flesh is heat resistant. (rF+) [Red
                  | Draconian growth]
  4042 | D:4      | Found a runed translucent door.
  4043 | D:4      | Noticed Crazy Yiuf
  4195 | D:4      | Killed Crazy Yiuf
  4366 | D:5      | Entered Level 5 of the Dungeon
  4718 | D:5      | Found a sparkling altar of Nemelex Xobeh.
  4859 | D:5      | Reached XP level 8. HP: 58/59 MP: 9/11
  5031 | D:5      | Reached skill level 10 in Unarmed Combat
  5162 | D:5      | Noticed Ijyb
  5184 | D:5      | Killed Ijyb
  5195 | D:5      | Noticed Eustachio
  5232 | D:5      | Killed Eustachio
  5572 | D:5      | Reached skill level 5 in Fighting
  5587 | D:6      | Found a staircase to the Ecumenical Temple.
  5591 | D:6      | Identified the +3 buckler "Eniebe" {rC+ rCorr Dex+4}
  5599 | Temple   | Entered the Ecumenical Temple
  5862 | Temple   | Became a worshipper of Gozag Ym Sagoz the Greedy
  5985 | D:6      | Noticed Prince Ribbit
  6496 | D:6      | Reached XP level 9. HP: 45/75 MP: 10/12
  6545 | D:6      | Killed Prince Ribbit
  6546 | D:6      | Reached skill level 5 in Dodging
  7284 | D:7      | Noticed a gargoyle
  7289 | D:7      | Reached skill level 3 in Transmutations
  7343 | D:6      | Learned a level 2 spell: Wereblood
  7386 | D:7      | Reached skill level 4 in Transmutations
  7585 | D:7      | Reached skill level 5 in Transmutations
  7691 | D:7      | Found a snail-covered altar of Cheibriados.
  7694 | D:7      | Found a shadowy altar of Dithmenos.
  7775 | D:7      | Found a white marble altar of Elyvilon.
  7802 | D:7      | Reached skill level 6 in Transmutations
  8253 | D:7      | Killed a gargoyle
  8254 | D:7      | Reached skill level 7 in Transmutations
  8254 | D:7      | Reached skill level 1 in Poison Magic
  8254 | D:7      | Reached XP level 10. HP: 30/83 MP: 13/13
  9051 | D:8      | Noticed Grum
  9185 | D:8      | Reached skill level 5 in Poison Magic
  9191 | D:8      | Learned a level 3 spell: Spider Form
  9759 | D:8      | Found a staircase to the Lair.
  9823 | D:8      | Reached skill level 8 in Transmutations
 10118 | D:8      | Killed Grum
 10482 | D:8      | Reached skill level 9 in Transmutations
 10677 | D:8      | Found Teqaucha's Firing Range.
 11218 | D:9      | Noticed Maggie
 11218 | D:9      | Noticed a two-headed ogre
 11593 | D:9      | Killed Maggie
 11999 | D:9      | Reached skill level 10 in Transmutations
 12124 | D:9      | Killed a two-headed ogre
 12125 | D:9      | Reached XP level 11. HP: 84/89 MP: 12/14
 12220 | D:9      | Reached skill level 11 in Transmutations
 12494 | D:9      | Found a staircase to the Orcish Mines.
 12522 | D:9      | Noticed Joseph
 12541 | D:9      | Killed Joseph
 12545 | D:9      | Identified the ring of Voqogifo {Ice rN+ Will+ Int+2}
 13010 | D:10     | Entered Level 10 of the Dungeon
 13060 | D:10     | Found Fahuvap's Assorted Antiques.
 13271 | D:10     | Found a shimmering altar of Xom.
 13399 | D:10     | Reached skill level 12 in Transmutations
 13749 | D:10     | Noticed a two-headed ogre
 13786 | D:10     | Demolished by a two-headed ogre

Illustrated notes

Levels and vault maps discovered:
D:1:      erik_arrival_cave_to_civilisation [erik_arrival_cave_to_hall],
          layout_basic, minmay_door_square
D:2:      layout_loops_cross, basic_altar, serial_co_window_serial,
          co_window_of_opportunity_a, co_window_cross_1, co_window_corner_a,
          co_window_paths_b, co_window_of_opportunity_a, co_window_corner_cb,
          co_window_cross_3, co_window_unsneaky_path_c,
          co_window_unsneaky_path_b, co_window_unsneaky_path_a,
          co_window_4corner_b, co_window_paths_e, glass_columns_c,
          glass_columns_b, glass_columns_b, glass_columns_a
D:3:      layout_basic, old_standard_altar, nicolae_ru_the_path_less_chosen,
          fedhas_altar_3, shapermc_ecumenical_altar_mp_highgroup, serial_shops,
          nicolae_shop_crystal, kennysheep_generic_room_14, uniq_sigmund
D:4:      layout_basic, bloody_makhleb, nicolae_zen_rock_garden,
          minmay_splitting_lines, hangedman_decor_points,
          kennysheep_generic_room_2, uniq_crazy_yiuf_cottage
D:5:      layout_loops_cross, lemuel_doored_altar, portal_sewer_entry_d,
          chequers_arboretum, uniq_eustachio, uniq_ijyb
D:6:      layout_cave_pools, minmay_temple_entry_gardened_gates,
          uniq_prince_ribbit1
D:7:      layout_loops_cross, elyvilon_altar_4, nicolae_overflow_squiral,
          kennysheep_small_spiral, kennysheep_nondescript, minmay_nine_imps
D:8:      layout_basic, erik_lair_island, serial_glass, glass_columns_b,
          glass_columns_a, glass_columns_a, glass_columns_b,
          nicolae_shop_firing_range, uniq_grum
D:9:      layout_roguey, orc_0_dummy, minmay_lizard_king, uniq_joseph,
          uniq_maggie
D:10:     layout_layer_cave, dk_xom_monty_hall, serial_shops,
          nicolae_square_shop, nicolae_concentric_dashed_squares_wild,
          minmay_starry_boxes
Temple:   oiseaux_autumnal_temple

Skill      XL: |  1  2  3  4  5  6  7  8  9 10 11 |
---------------+----------------------------------+-----
Unarmed Combat | 5 7 8 9 10 | 10.0
Fighting       | 6 |  6.0
Dodging        | 4 6 |  6.2
Transmutations | 7 10 12 | 12.2
Poison Magic   | 1 5 |  5.0
Spellcasting   | |  2.0

Action                   |  1- 3 |  4- 6 |  7- 9 | 10-12 || total
-------------------------+-------+-------+-------+-------++-------
Melee: Unarmed           |    50 |   128 |   323 |   436 ||   937
       Kick              |    10 |    21 |    93 |   116 ||   240
       Tailslap          |     5 |    12 |    47 |    73 ||   137
       Headbutt          |     5 |    13 |    55 |    73 ||   146
       Punch             |     1 |     3 |     6 |       ||    10
 Cast: Beastly Appendage |    13 |    33 |    45 |    42 ||   133
       Wereblood         |       |       |     1 |    11 ||    12
       Spider Form       |       |       |       |     5 ||     5
 Abil: Breathe Fire      |       |       |     6 |     9 ||    15
       End Transformatio |       |       |       |     1 ||     1
Evoke: Wand              |       |       |       |     6 ||     6
  Use: Scroll            |       |       |     3 |     5 ||     8
       Potion            |       |       |       |     1 ||     1
 Stab: Sleeping          |     1 |     1 |       |       ||     2
       Distracted        |       |       |       |     4 ||     4
Armor: Skin              |    15 |    35 |    99 |   117 ||   266
Dodge: Dodged            |    34 |    67 |   170 |   313 ||   584
Block: Buckler           |       |       |    61 |    99 ||   160
